 Dungeon Crawl Stone Soup version 0.27.1-34-g3ba077fa99 (webtiles) character file.

Game seed: 5627225975436777909

3948 crawlerman the Sharpshooter (level 10, -5/74 HPs)
             Began as a Minotaur Hunter on Feb 1, 2022.
             Was a Believer of Okawaru.
             Slain by a two-headed ogre (10 damage)
             ... on level 8 of the Dungeon on Feb 2, 2022.
             The game lasted 00:20:15 (10017 turns).

crawlerman the Sharpshooter (Minotaur Hunter)      Turns: 10017, Time: 00:20:16

Health: -5/74      AC: 17    Str: 19    XL:     10   Next: 2%
Magic:  9/9        EV:  5    Int:  8    God:    Okawaru [**....]
Gold:   419        SH:  0    Dex: 12    Spells: 9/9 levels left

rFire    . . .     SeeInvis .   b - +1 arbalest (flame)
rCold    . . .     Faith    .   (shield currently unavailable)
rNeg     . . .     Spirit   .   k - +0 plate armour
rPois    .         Reflect  .   (helmet restricted)
rElec    .         Harm     .   p - +1 cloak
rCorr    +         Rampage  .   t - +0 pair of gloves
Will     .....                  (no boots)
Stlth    ..........             m - amulet of the acrobat
HPRegen  0.22/turn              u - ring of resist corrosion
MPRegen  0.11/turn              r - +4 ring of protection

@: studying Armour
A: horns 2, retaliatory headbutt
a: Renounce Religion, Heroism


You were on level 8 of the Dungeon.
You worshipped Okawaru.
Okawaru was pleased with you.
You visited 2 branches of the dungeon, and saw 9 of its levels.
You also visited: Sewer.

You collected 419 gold pieces.

Inventory:

Hand Weapons
 a - a +1 vampiric demon trident
 b - a +1 arbalest of flaming (weapon)
Missiles
 d - 19 bolts (quivered ammo)
 g - 38 poisoned darts
Armour
 k - a +0 plate armour (worn)
 p - a +1 cloak (worn)
 t - a +0 pair of gloves (worn)
Jewellery
 c - a ring of wizardry
 m - an amulet of the acrobat (around neck)
 r - a +4 ring of protection (right hand)
 s - a ring of ice
 u - a ring of resist corrosion (left hand)
Wands
 n - a wand of acid (7)
 o - a wand of mindburst (15)
 x - a wand of paralysis (12)
 y - a wand of digging (5)
Scrolls
 j - a scroll of silence {unknown}
 l - 2 scrolls of teleportation
 w - a scroll of identify
Potions
 e - a potion of ambrosia
 f - a potion of might
 h - 2 potions of magic
 i - a potion of heal wounds
 q - 2 potions of flight


   Skills:
 - Level 2.4 Fighting
 + Level 15.4 Crossbows
 - Level 2.1 Dodging
 - Level 0.7 Stealth


You had 9 spell levels left.
You didn't know any spells.
Your spell library contained the following spells:

 Spells                   Type           Power      Damage    Failure   Level
 Summon Small Mammal      Summ           0%         N/A       100%        1
 Call Canine Familiar     Summ           0%         N/A       100%        3
 Summon Guardian Golem    Hex/Summ       0%         N/A       100%        3
 Hailstorm                Conj/Ice       0%         3d3       100%        4
 Ice Form                 Ice/Tmut       0%         N/A       100%        4
 Simulacrum               Ice/Necr       0%         N/A       100%        6


Dungeon Overview and Level Annotations

Branches:
Dungeon (8/15)             Temple (1/1) D:6           Sewer (visited)
   Lair: D:8-11

Altars:
Ashenzari
Cheibriados
Dithmenos
Elyvilon
Fedhas
Gozag
Hepliaklqana
Kikubaaqudgha
Makhleb
Nemelex Xobeh
Okawaru
Qazlal
Ru
Sif Muna
Trog
Uskayaw
Vehumet
Wu Jian
Xom
Yredelemnul
Zin
The Shining One

Annotations:
D:8 Maurice


Innate Abilities, Weirdness & Mutations

You have a pair of horns on your head.
You reflexively headbutt those who attack you in melee.


Message History

The bolt burns the two-headed ogre.
The two-headed ogre is heavily wounded.
The two-headed ogre hits you with a +0 giant spiked club!
The two-headed ogre hits you with a +0 dire flail!
Fire: 23 bolts
Press: ? - help, Q - select action, (/) - cycle Shift-Dir - straight line, f/p - two-headed ogre
Aim: a two-headed ogre, wielding a +0 giant spiked club and a +0 dire flail (heavily wounded, 78% to hit)
You shoot a bolt. The bolt hits the two-headed ogre!
The bolt burns the two-headed ogre.
The two-headed ogre is severely wounded.
The two-headed ogre hits you with a +0 giant spiked club.
The two-headed ogre hits you with a +0 dire flail!
Unknown command.
Fire: 22 bolts
Press: ? - help, Q - select action, (/) - cycle Shift-Dir - straight line, f/p - two-headed ogre
Aim: a two-headed ogre, wielding a +0 giant spiked club and a +0 dire flail (severely wounded, 79% to hit)
You shoot a bolt.
The bolt barely misses the two-headed ogre.
The two-headed ogre hits you with a +0 giant spiked club!
The two-headed ogre hits you with a +0 dire flail.
Unknown command.
Fire: 21 bolts
Press: ? - help, Q - select action, (/) - cycle Shift-Dir - straight line, f/p - two-headed ogre
Aim: a two-headed ogre, wielding a +0 giant spiked club and a +0 dire flail (severely wounded, 78% to hit)
You shoot a bolt. The bolt hits the two-headed ogre!
The bolt burns the two-headed ogre.
The two-headed ogre is almost dead.
The two-headed ogre hits you with a +0 giant spiked club!!
* * * LOW HITPOINT WARNING * * *
The two-headed ogre hits you with a +0 dire flail.
* * * LOW HITPOINT WARNING * * *
Unknown command.
Fire: 20 bolts
Press: ? - help, Q - select action, (/) - cycle Shift-Dir - straight line, f/p - two-headed ogre
Aim: a two-headed ogre, wielding a +0 giant spiked club and a +0 dire flail (almost dead, 79% to hit)
You shoot a bolt.
The bolt closely misses the two-headed ogre.
The two-headed ogre barely misses you.
The two-headed ogre hits you with a +0 dire flail!
You die...

##########
#........##########
..................##
#.###.##.#.#####@..#
#.# #.##.#.# #..O..#
#.# #.##.#..
.......)..# #.#
#.##.#..###....(##.#
#.# #.##.#..#
##....(( . #.#
#.##.#..# ##.#.##.
#.# #.#.....# ...# #
####


You could see a two-headed ogre.

Vanquished Creatures
  A catoblepas (D:6)
  A wraith (D:7)
  A water moccasin (D:7)
  A black bear (D:6)
  An orc warrior (D:6)
  4 sky beasts
  2 ice beasts
  An ogre (D:6)
  2 necrophages
  5 centaurs
  A phantom (D:4)
  3 kobold brigands
  3 bullfrogs
  A wyvern zombie (D:7)
  5 scorpions
  A killer bee (D:7)
  5 wights (D:6)
  An electric eel (D:7)
  2 howler monkeys
  A bullfrog zombie (D:5)
  A centaur zombie (D:7)
  2 centaur skeletons
  2 hounds (D:6)
  An orc priest (D:7)
  An orc wizard (D:6)
  2 killer bee zombies
  A howler monkey zombie (D:7)
  10 gnolls
  A howler monkey skeleton (D:7)
  4 adders
  3 river rats (Sewer)
  2 shadow imps
  A white imp (D:5)
  An ufetubus (D:6)
  3 worms
  8 orcs
  A ball python (D:1)
  4 endoplasms (D:1)
  2 giant cockroaches
  5 goblins
  2 hobgoblins
  6 jackals
  6 quokkas
  2 bats (D:1)
  3 frilled lizards
  7 kobolds
  6 rats
129 creatures vanquished.

Vanquished Creatures (others)
  5 plants (D:2)
5 creatures vanquished.

Grand Total: 134 creatures vanquished

Notes
Turn   | Place    | Note
-------+----------+-------------------------------------------
     0 | D:1      | crawlerman the Minotaur Hunter began the quest for the Orb.
     0 | D:1      | Reached XP level 1. HP: 18/18 MP: 0/0
   410 | D:1      | Reached XP level 2. HP: 25/25 MP: 1/1
   456 | D:1      | Reached skill level 5 in Crossbows
  1030 | D:2      | Reached XP level 3. HP: 30/30 MP: 2/2
  1047 | D:2      | Reached skill level 6 in Crossbows
  1266 | D:2      | Found a faded altar of an unknown god.
  1498 | D:2      | Reached XP level 4. HP: 32/37 MP: 3/3
  2500 | D:2      | Identified a scroll of acquirement
  2500 | D:2      | Acquired a manual of Armour
  2517 | D:3      | Acquired a +0 arbalest of flaming
  3371 | D:4      | Reached skill level 7 in Crossbows
  3371 | D:4      | Reached XP level 5. HP: 20/42 MP: 4/4
  3539 | D:4      | Found a glowing drain.
  3570 | Sewer    | Entered a sewer
  3846 | Sewer    | Found a white marble altar of Elyvilon.
  4071 | D:4      | Reached skill level 8 in Crossbows
  4444 | D:4      | Reached XP level 6. HP: 41/50 MP: 5/5
  4737 | D:4      | Noticed an ice beast
  4743 | D:4      | Killed an ice beast
  5213 | D:5      | Entered Level 5 of the Dungeon
  5249 | D:5      | Reached skill level 9 in Crossbows
  5277 | D:5      | Reached XP level 7. HP: 45/56 MP: 6/6
  6068 | D:6      | Reached skill level 10 in Crossbows
  6155 | D:6      | Reached XP level 8. HP: 53/62 MP: 7/7
  6184 | D:6      | Reached skill level 11 in Crossbows
  6243 | D:6      | Found a staircase to the Ecumenical Temple.
  6297 | Temple   | Entered the Ecumenical Temple
  6738 | Temple   | Became a worshipper of Warmaster Okawaru
  6824 | D:6      | Reached skill level 12 in Crossbows
  7375 | D:6      | Found a white marble altar of Elyvilon.
  7492 | D:6      | Found the +9 staff of Wucad Mu {*channel}
  7665 | D:7      | Reached * piety under Okawaru
  7683 | D:7      | Reached skill level 13 in Crossbows
  7862 | D:7      | Reached XP level 9. HP: 33/68 MP: 8/8
  8094 | D:7      | HP: 1/68 [poisoned by a kobold brigand]
  8105 | D:7      | HP: 3/68 [poisoned by a kobold brigand]
  8807 | D:7      | Noticed a catoblepas
  8838 | D:6      | Reached ** piety under Okawaru
  8839 | D:6      | Reached skill level 14 in Crossbows
  9044 | D:6      | Killed a catoblepas
  9531 | D:7      | Reached skill level 15 in Crossbows
  9812 | D:7      | Reached XP level 10. HP: 68/74 MP: 9/9
  9914 | D:8      | Noticed Maurice
 10008 | D:8      | Noticed a two-headed ogre
 10017 | D:8      | Slain by a two-headed ogre

Illustrated notes

Levels and vault maps discovered:
D:1:      lightli_arrival_isolated_outpost, layout_loops_corners,
          minmay_misc_feat_plants
D:2:      layout_basic, serial_forest, infiniplex_forest_side_room,
          infiniplex_forest_straight_4, infiniplex_forest_straight_2,
          infiniplex_forest_lined_4_way, infiniplex_forest_lined_3,
          infiniplex_forest_split, infiniplex_forest_straight_4,
          infiniplex_forest_end_3, infiniplex_forest_corner_2,
          shapermc_ecumenical_altar_mp_vishouse, minmay_misc_feat_iff,
          minmay_misc_feat_square
D:3:      layout_basic
D:4:      layout_layer_cave, cheibrodos_sewer_entry_bend, chequers_jeans,
          amcnicky_mini_rare_corridor_liquid
D:5:      layout_rooms
D:6:      layout_rooms, elyvilon_altar_5, minmay_temple_entry_glass
D:7:      nzn_winding_woodlands_small [nzn_winding_woodlands_5x15_pockets,
          nzn_winding_woodlands_center_pierced_h,
          nzn_winding_woodlands_5x15_concentric], layout_rooms,
          minmay_crystal_water
D:8:      layout_loops_ring, uniq_maurice, uniq_pikel
Temple:   roderic_octagonal_lattice_temple

Skill      XL: |  1  2  3  4  5  6  7  8  9 |
---------------+----------------------------+-----
Crossbows      | 5 6 7 8 9 10 13 15 | 15.4
Fighting       | |  2.4
Dodging        | |  2.1
Stealth        | |  0.7

Action                   |  1- 3 |  4- 6 |  7- 9 | 10-12 || total
-------------------------+-------+-------+-------+-------++-------
Melee: Short sword       |    42 |   166 |    62 |       ||   270
       Headbutt          |     3 |    26 |    37 |       ||    66
       Halberd           |       |     3 |       |       ||     3
       Demon trident     |       |       |   158 |       ||   158
 Fire: Hand crossbow     |    10 |       |       |       ||    10
       Arbalest          |       |    18 |    59 |    11 ||    88
Throw: Dart              |       |       |     3 |       ||     3
Invok: Heroism           |       |       |     1 |       ||     1
  Use: Scroll            |     6 |     7 |     2 |     1 ||    16
       Potion            |       |       |     4 |       ||     4
 Stab: Sleeping          |     1 |       |       |       ||     1
Armor: Leather armour    |     4 |       |       |       ||     4
       Plate armour      |     3 |   144 |   253 |       ||   400
Dodge: Dodged            |    26 |    73 |    95 |     1 ||   195
